 Dungeon Crawl Stone Soup version 0.29.1-1-gd02db6906a (webtiles) character file.

Game seed: 5967747437767549234

7434 andrewp the Spear-Bearer (level 10, -14/139 HPs)
             Began as a Minotaur Berserker on Sept 3, 2022.
             Was a High Priest of Trog.
             Demolished by a sun demon (18 damage)
             ... summoned by an obsidian statue
             ... on level 9 of the Dungeon on Oct 11, 2022.
             The game lasted 00:23:07 (8407 turns).

andrewp the Spear-Bearer (Minotaur Berserker)       Turns: 8407, Time: 00:23:08

Health: -14/139    AC: 20    Str: 26    XL:     10   Next: 93%
Magic:  9/9        EV:  8    Int:  4    God:    Trog [*****.]
Gold:   741        SH:  8    Dex: 10    Spells: 9/9 levels left

rFire   . . .      SeeInvis .   i - +8 demon trident "Rift" {distort, reach+}
rCold   . . .      Faith    .   g - +3 warlock's mirror {reflect}
rNeg    . . .      Spirit   .   D - +0 plate armour
rPois   .          Reflect  +   (helmet restricted)
rElec   .          Harm     .   (no cloak)
rCorr   .          Rampage  .   v - +0 pair of gloves
Will    +....                   C - +0 pair of boots
Stlth   ..........              (no amulet)
HPRegen 0.33/turn               s - +4 ring of protection
MPRegen 0.11/turn               q - ring of willpower

@: berserking, studying Unarmed Combat, very quick
A: horns 2, retaliatory headbutt
a: Renounce Religion, Berserk, Trog's Hand, Brothers in Arms


You were on level 9 of the Dungeon.
You worshipped Trog.
Trog was extremely pleased with you.
You visited 1 branch of the dungeon, and saw 9 of its levels.
You also visited: Bailey.

You collected 741 gold pieces.

Inventory:

Hand Weapons
 i - the +8 demon trident "Rift" (weapon) {distort, reach+}
   (You found it on level 2 of the Dungeon)

   It warps and distorts space around it, and may blink, banish, or inflict
   extra damage upon those it strikes.
   Unwielding it can cause banishment or high damage.
   It can reach especially far, and its reaching attacks ignore other creatures
   in the way.
Armour
 g - the +3 warlock's mirror (worn) {reflect}
   (You found it on level 2 of the Dungeon)

   It can block and reflect piercing ranged attacks and magical attacks against
   the wielder's willpower.
 v - a +0 pair of gloves (worn)
 A - +0 acid dragon scales
 C - a +0 pair of boots (worn)
 D - a +0 plate armour (worn)
Jewellery
 q - a ring of willpower (right hand)
 s - a +4 ring of protection (left hand)
Wands
 n - a wand of polymorph (11)
 x - a wand of digging (3)
 E - a wand of roots (21)
Scrolls
 b - 2 scrolls of identify
 c - 6 scrolls of enchant armour
 e - 7 scrolls of teleportation
 h - 2 scrolls of immolation {unknown}
 j - 2 scrolls of enchant weapon
 k - 2 scrolls of magic mapping {unknown}
 m - 3 scrolls of butterflies {unknown}
 o - 2 scrolls of fear {unknown}
 p - 2 scrolls of blinking {unknown}
 t - 2 scrolls of poison {unknown}
 w - a scroll of noise {unknown}
 y - 2 scrolls of acquirement
 z - 3 scrolls of summoning {unknown}
 H - a scroll of vulnerability {unknown}
Potions
 a - 2 potions of magic
 d - a potion of cancellation {unknown}
 l - 3 potions of ambrosia
 r - a potion of flight {unknown}
 u - 5 potions of curing
 F - 2 potions of haste
 G - a potion of might {unknown}


   Skills:
 * Level 10.1 Fighting
 - Level 4.2(9.9) Axes
 - Level 13.7(14.0) Polearms
 * Level 8.4 Armour
 - Level 2.7 Dodging
 * Level 7.2 Shields


You had 9 spell levels left.
You didn't know any spells.
Your spell library was empty.

Dungeon Overview and Level Annotations

Branches:
Dungeon (9/15)             Temple (0/1) D:5             Orc (0/2) D:9
 Bailey (visited)
   Lair: D:8-11

Altars:
Cheibriados
Dithmenos
Elyvilon
Gozag
Hepliaklqana
Kikubaaqudgha
Ru
Uskayaw
Wu Jian
The Shining One

Annotations:
D:9 exclusion: obsidian statue


Innate Abilities, Weirdness & Mutations

You have a pair of horns on your head.
You reflexively headbutt those who attack you in melee.


Message History

You headbutt the sixfirhy, but do no damage.
The sixfirhy hits you but does no damage. x2
The hellwing swoops through the air toward you!
The hellwing hits you.
The hellwing hits you but does no damage.
You block the hellwing's attack. x2
You block the hellwing's attack. The hellwing barely misses you.
The hellwing attacks as you move away!
The hellwing hits you but does no damage. x2
The sixfirhy closely misses you.
The sixfirhy hits you but does no damage.
The hellwing swoops through the air toward you!
The hellwing hits you!
The hellwing hits you but does no damage.
The sun demon hits you!
* * * LOW HITPOINT WARNING * * *
You are engulfed in flames!
* * * LOW HITPOINT WARNING * * *
You feel much better. The sixfirhy barely misses you. You furiously retaliate!
You headbutt the sixfirhy! The hellwing hits you.
* * * LOW HITPOINT WARNING * * *
The hellwing barely misses you.
The sun demon hits you but does no damage.
Okay, then.
A red film seems to cover your vision as you go berserk!
You feel yourself moving faster!
You feel mighty!
The sixfirhy hits you but does no damage.
The sixfirhy hits you.
* * * LOW HITPOINT WARNING * * *
The sixfirhy shocks you!
* * * LOW HITPOINT WARNING * * *
The sixfirhy barely misses you. You furiously retaliate!
You headbutt the sixfirhy! The sixfirhy hits you.
* * * LOW HITPOINT WARNING * * *
The sixfirhy shocks you!
* * * LOW HITPOINT WARNING * * *
The sun demon hits you!
* * * LOW HITPOINT WARNING * * *
You are engulfed in flames!!
You die...

.##..# #.........
.##..# #.........
###..# #......... #
##.# #......... #.#
##........ #.#
#........ #.#
#........ ####.##
###3......# #.....##
####.@3..#####
...##..#####....4..##
.#.....>.#....))..##
.##.>............##
...#####.......###
8.....##.##...##
......#..###.##
........## ##.#
>....8..# #.#


You could see a sun demon (summoned), a hellwing (summoned) and a sixfirhy
(summoned).

Vanquished Creatures
  A two-headed ogre (D:8)
  An orc knight (Bailey)
  An orc sorcerer (Bailey)
  Maggie (D:8)
  Grinder (D:6)
  A hornet (D:7)
  Sigmund (D:4)
  2 wyverns (D:7)
  A steam dragon (D:7)
  2 water moccasins (D:7)
  An acid dragon (D:5)
  Duvessa (D:4)
  14 orc warriors
  An ogre (D:4)
  2 centaurs
  A kobold brigand (D:3)
  A gnoll sergeant (D:8)
  4 bullfrogs
  A scorpion (D:5)
  Dowan (D:4)
  4 killer bees (D:8)
  A howler monkey (D:5)
  5 electric eels (Bailey)
  3 jellies
  4 orc priests
  5 hounds
  3 gnoll boudas
  2 iguanas
  Ijyb (D:4)
  14 orc wizards
  23 gnolls
  8 adders
  A white imp (D:5)
  2 dart slugs
  26 orcs
  6 ball pythons
  5 endoplasms
  17 goblins
  5 hobgoblins
  5 jackals
  7 kobolds
  4 quokkas
  5 bats
  5 frilled lizards
  7 rats
207 creatures vanquished.

Notes
Turn   | Place    | Note
-------+----------+-------------------------------------------
     0 | D:1      | andrewp the Minotaur Berserker began the quest for the Orb.
     0 | D:1      | Reached XP level 1. HP: 19/19 MP: 0/0
   392 | D:1      | Reached XP level 2. HP: 25/27 MP: 1/1
  1144 | D:2      | Found the +3 warlock's mirror {reflect}
  1157 | D:2      | Reached XP level 3. HP: 22/33 MP: 2/2
  1254 | D:2      | Found the +8 demon trident "Rift" {distort, reach+}
  1261 | D:2      | Found an opulent altar of Gozag.
  1293 | D:2      | Reached ** piety under Trog
  1664 | D:3      | Reached skill level 1 in Polearms
  1754 | D:3      | Reached skill level 1 in Shields
  1795 | D:3      | Reached XP level 4. HP: 41/41 MP: 3/3
  1859 | D:3      | Found an ancient bone altar of Kikubaaqudgha.
  1933 | D:3      | Noticed a kobold brigand
  1940 | D:3      | Killed a kobold brigand
  1941 | D:3      | Reached skill level 2 in Polearms
  2004 | D:3      | Found a glowing golden altar of the Shining One.
  2251 | D:3      | Found a faded altar of an unknown god.
  2650 | D:4      | Noticed Duvessa
  2652 | D:4      | Reached XP level 5. HP: 47/47 MP: 4/4
  2652 | D:4      | Noticed Dowan
  2656 | D:4      | Reached skill level 3 in Polearms
  2659 | D:4      | Killed Duvessa
  2660 | D:4      | Reached skill level 4 in Polearms
  2662 | D:4      | Killed Dowan
  2663 | D:4      | Reached XP level 6. HP: 42/55 MP: 5/5
  2670 | D:4      | Reached skill level 5 in Fighting
  2763 | D:4      | Found a white marble altar of Elyvilon.
  2827 | D:4      | Reached skill level 5 in Polearms
  2827 | D:4      | Found an opulent altar of Gozag.
  2829 | D:4      | Noticed Sigmund
  2844 | D:4      | Killed Sigmund
  2845 | D:4      | Reached skill level 6 in Polearms
  2845 | D:4      | Reached XP level 7. HP: 54/61 MP: 6/6
  2952 | D:4      | Found an ornate altar of the Wu Jian Council.
  3183 | D:4      | Noticed Ijyb
  3186 | D:4      | Killed Ijyb
  3236 | D:5      | Entered Level 5 of the Dungeon
  3290 | D:5      | Reached *** piety under Trog
  3297 | D:5      | Reached skill level 7 in Polearms
  3321 | D:5      | Found a staircase to the Ecumenical Temple.
  3410 | D:5      | Reached XP level 8. HP: 36/70 MP: 7/7
  3412 | D:5      | Reached skill level 8 in Polearms
  3764 | D:5      | Reached skill level 5 in Armour
  4095 | D:6      | Reached skill level 9 in Polearms
  4232 | D:6      | Noticed Grinder
  4236 | D:6      | Killed Grinder
  4291 | D:6      | Found a sacrificial altar of Ru.
  4350 | D:6      | Reached skill level 10 in Polearms
  4581 | D:6      | Reached XP level 9. HP: 77/78 MP: 8/8
  4804 | D:6      | Found a hazy altar of Hepliaklqana.
  4805 | D:6      | Found a faded altar of an unknown god.
  4806 | D:6      | Reached **** piety under Trog
  4986 | D:7      | Reached skill level 11 in Polearms
  5584 | D:7      | Reached skill level 5 in Shields
  5949 | D:8      | Found a flagged portal.
  5974 | Bailey   | Entered a bailey
  5980 | Bailey   | Noticed an orc sorcerer
  5981 | Bailey   | Noticed a kobold demonologist
  5995 | Bailey   | Killed an orc sorcerer
  5996 | Bailey   | Reached skill level 12 in Polearms
  6005 | Bailey   | Banished a kobold demonologist
  6017 | Bailey   | Found an iron altar of Okawaru.
  6028 | Bailey   | Reached XP level 10. HP: 88/88 MP: 9/9
  6189 | Bailey   | Reached skill level 13 in Polearms
  6361 | Bailey   | Noticed an orc knight
  6368 | Bailey   | Killed an orc knight
  6368 | Bailey   | Reached ***** piety under Trog
  7041 | Bailey   | Upgraded the game from 0.29.0-11-gd7f09526c8 to
                  | 0.29.1-1-gd02db6906a
  7144 | D:8      | Found a snail-covered altar of Cheibriados.
  7227 | D:8      | Noticed a two-headed ogre
  7233 | D:8      | Killed a two-headed ogre
  7369 | D:8      | Noticed Maggie
  7375 | D:8      | Killed Maggie
  7964 | D:9      | Found a shadowy altar of Dithmenos.
  8111 | D:9      | Found a staircase to the Orcish Mines.
  8143 | D:9      | Found a hide-covered altar of Uskayaw.
  8189 | D:9      | Reached skill level 10 in Fighting
  8387 | D:9      | Noticed an obsidian statue
  8391 | D:9      | Noticed a sixfirhy
  8391 | D:9      | Noticed a sun demon
  8407 | D:9      | HP: 4/139 [sun demon[an obsidian statue] (7)]
  8407 | D:9      | Demolished by a sun demon

Illustrated notes

Levels and vault maps discovered:
D:1:      saegor_arrival_miasma, layout_rooms
D:2:      layout_rooms, basic_altar, st_stairs_10
D:3:      layout_basic, amcnicky_altar_gilded, nicolae_overflow_crystal_walls,
          shapermc_ecumenical_altar_flowoftime
D:4:      layout_cave_pools, mainiacjoe_overflow_catwalk,
          nicolae_gozag_seed_capital, mainiacjoe_overflow_concentric_impassable,
          uniq_ijyb, uniq_duvessa, uniq_sigmund
D:5:      layout_basic, temple_pool_b, minmay_manual_macuahuitl
D:6:      minmay_flawed_box, layout_basic, nicolae_ru_awakened_eye,
          beargit_hepliaklqana_dungeon_heroes, dreamdust_princess_bridge,
          uniq_grinder
D:7:      layout_loops_corners
D:8:      layout_loops_ring, mainiacjoe_overflow_tiny_flanked, enter_bailey_3,
          hangedman_decor_lopped, uniq_maggie
D:9:      layout_cave_pods, nicolae_dithmenos_the_darkroom,
          nicolae_uskayaw_suspiria, david_orc_2, minmay_protected_statue

Skill      XL: |  1  2  3  4  5  6  7  8  9 10 |
---------------+-------------------------------+-----
Fighting       | 4 5 6 8 10 | 10.1
Axes           | 4 |  4.2
Polearms       | 1 2 4 6 7 10 12 13 | 13.7
Shields        | 1 2 3 4 5 7 |  7.2
Armour         | 3 4 5 6 8 |  8.4
Dodging        | |  2.7

Action                   |  1- 3 |  4- 6 |  7- 9 | 10-12 || total
-------------------------+-------+-------+-------+-------++-------
Melee: Hand axe          |    59 |       |       |       ||    59
       Headbutt          |     7 |       |    12 |     6 ||    25
       Punch             |     2 |       |       |       ||     2
       Demon trident     |    29 |    56 |   157 |   160 ||   402
Invok: Trog's Hand       |       |     1 |       |     1 ||     2
       Berserk           |       |     1 |       |       ||     1
  Use: Scroll            |       |       |     1 |     4 ||     5
       Potion            |       |       |       |     8 ||     8
Armor: Animal skin       |     5 |       |       |       ||     5
       Ring mail         |     2 |    11 |     8 |       ||    21
       Acid dragon scale |       |       |    10 |       ||    10
       Plate armour      |       |       |     2 |    39 ||    41
Dodge: Dodged            |    37 |    14 |    10 |    28 ||    89
Block: Buckler           |     4 |    10 |    15 |    30 ||    59
       Reflection        |       |     2 |     5 |     6 ||    13
